 Dungeon Crawl Stone Soup version 0.23.2 (webtiles) character file.

Game seed: 14681900222804978614

63 dvd the Sneak (level 3, -2/30 HPs)
             Began as a Minotaur Assassin on Apr 3, 2019.
             Killed from afar by Terence (3 damage)
             ... with a wand of flame (23)
             ... on level 2 of the Dungeon.
             The game lasted 00:04:41 (1754 turns).

dvd the Sneak (Minotaur Assassin)                   Turns: 1754, Time: 00:04:42

Health: -2/30      AC:  4    Str: 16    XL:     3   Next: 89%
Magic:  2/2        EV:  9    Int:  8    God:
Gold:   95         SH:  7    Dex: 11    Spells: 2/2 levels left

rFire    . . .     SeeInvis .   n - -2 mace (curse)
rCold    . . .     Gourm    .   m - +0 shield
rNeg     . . .     Faith    .   c - +0 robe
rPois    .         Spirit   .   (helmet restricted)
rElec    .         Reflect  .   d - +0 cloak
rCorr    .         Harm     .   (no gloves)
MR       .....                  l - +0 pair of boots
Stlth    ++........             (no amulet)
HPRegen  0.10/turn              (no ring)
MPRegen  0.08/turn              (no ring)

@: no status effects
A: retaliatory headbutt, horns 2
a: no special abilities


You were on level 2 of the Dungeon.
You were not hungry.

You visited 1 branch of the dungeon, and saw 2 of its levels.

You collected 95 gold pieces.

Inventory:

Hand Weapons
 a - a +2 dagger
 b - a +0 blowgun
 n - a cursed -2 mace (weapon)
Missiles
 e - 3 poisoned needles
 f - 2 curare-tipped needles
 j - 2 tomahawks (quivered)
Armour
 c - a +0 robe (worn)
 d - a +0 cloak (worn)
 l - a +0 pair of boots (worn)
 m - a +0 shield (worn)
Scrolls
 h - a scroll of identify {unknown}
 o - a scroll of immolation {unknown}
Potions
 i - 2 potions of degeneration {unknown}
 k - 2 potions of mutation {unknown}
Comestibles
 g - 4 rations


   Skills:
 + Level 2.8 Fighting
 + Level 2.6 Short Blades
 + Level 0.3 Maces & Flails
 + Level 3.0 Throwing
 + Level 1.2 Dodging
 + Level 3.8 Stealth
 + Level 0.1 Shields


You had 2 spell levels left.
You didn't know any spells.
Your spell library was empty.

Dungeon Overview and Level Annotations

Branches:
Dungeon (2/15)

Altars:
Nemelex Xobeh
Jiyva

Annotations:
D:2 Terence


Innate Abilities, Weirdness & Mutations

You reflexively headbutt those who attack you in melee.
You have a pair of horns on your head.


Message History

You hit Terence but do no damage.
Terence is almost dead.
Terence hits you with a +4 short sword.
Terence zaps a wand.
The puff of flame hits you!
* * * LOW HITPOINT WARNING * * *
You closely miss Terence. You headbutt Terence.
Terence is almost dead.
You block Terence's attack.
You hit Terence.
Terence is almost dead.
Terence zaps a wand.
The puff of flame misses you. Terence barely misses you.
You hit Terence but do no damage.
Terence is almost dead.
You block Terence's attack.
You hit Terence but do no damage.
Terence is almost dead.
Terence hits you with a +4 short sword.
* * * LOW HITPOINT WARNING * * *
Terence zaps a wand.
The puff of flame hits you.
You die...

##○###.(.##°.☼#
######...######
......(_.......
..########.(.######
..###°.§##...##☼°°#
..##☼°☼§§#...#°§§°§
#.##§☼☼☼☼#.@.#§°§°§
#.##°○§°§#.@.#§°○§°
#.###§§§##...##°§°#
#.########...######
#.########'''######
#..##........#
#.....########
#....## #.##.# ...
#.##.####### ..#


You could see Terence.

Vanquished Creatures
  An adder (D:2)
  An ooze (D:2)
  A dart slug (D:1)
  3 giant cockroaches
  4 goblins (D:1)
  7 hobgoblins
  6 jackals (D:1)
  A ball python (D:2)
  9 bats
  A frilled lizard (D:2)
  4 kobolds
  7 rats
45 creatures vanquished.

Notes
Turn   | Place    | Note
-------+----------+-------------------------------------------
     0 | D:1      | dvd the Minotaur Assassin began the quest for the Orb.
     0 | D:1      | Reached XP level 1. HP: 18/18 MP: 0/0
    67 | D:1      | Found a viscous altar of Jiyva.
    67 | D:1      | Noticed a jelly
    67 | D:1      | Noticed a jelly
    71 | D:1      | Noticed a jelly
    73 | D:1      | Noticed a jelly
   107 | D:1      | Reached XP level 2. HP: 25/25 MP: 1/1
   710 | D:1      | Reached XP level 3. HP: 30/30 MP: 2/2
  1740 | D:2      | Found a sparkling altar of Nemelex Xobeh.
  1741 | D:2      | Noticed Terence
  1754 | D:2      | HP: 1/30 [Terence/+4 short sword (5)]
  1754 | D:2      | Killed from afar by Terence

Skill      XL: |  1  2  3 |
---------------+----------+-----
Throwing       | 3 |  3.0
Fighting       | |  2.8
Short Blades   | |  2.6
Maces & Flails | |  0.3
Dodging        | |  1.2
Stealth        | |  3.8
Shields        | |  0.1

Action                   || total
-------------------------++-------
Melee: Dagger            ||    20
       Headbutt          ||    16
       Mace              ||    56
 Fire: Blowgun           ||    39
Throw: Tomahawk          ||    23
  Use: Scroll            ||     2
 Stab: Sleeping          ||     2
  Eat: Chunk             ||     3
Armor: Robe              ||    31
Dodge: Dodged            ||    52
Block: Shield            ||    26
